 Dungeon Crawl Stone Soup version 0.30-b1-2-g02819fbbbe (webtiles) character file.

Game seed: 3913405778529926857

1768 kanganoth the Markself (level 8, 0/43 HPs)
             Began as a Deep Elf Hunter on Sept 7, 2023.
             Was an Initiate of Qazlal.
             Killed from afar by an orc wizard (13 damage)
             ... with a puff of flame
             ... on level 7 of the Dungeon.
             The game lasted 00:27:19 (5268 turns).

kanganoth the Markself (Deep Elf Hunter)            Turns: 5268, Time: 00:27:25

Health: 0/43       AC:  7    Str:  8    XL:     8   Next: 80%
Magic:  10/10      EV: 17    Int: 15    God:    Qazlal [......]
Gold:   576        SH:  5    Dex: 20    Spells: 7/7 levels left

rFire   x . .        a - +0 shortbow
rCold   + . .        (shield currently unavailable)
rNeg    . . .        s - +2 leather armour {rPois}
rPois   +            B - +1 hat
rElec   .            (no cloak)
rCorr   .            (no gloves)
SInv    .            i - +0 pair of boots
Will    .....        v - amulet of reflection
Stlth   ++           n - ring of ice
HPRegen 0.27/turn    w - +5 ring of evasion
MPRegen 0.12/turn

%: reflection
@: no status effects
A: no striking features
a: Renounce Religion


You were on level 7 of the Dungeon.
You worshipped Qazlal.
Qazlal was noncommittal.
You visited 1 branch of the dungeon, and saw 8 of its levels.

You collected 576 gold pieces.

Inventory:

Hand Weapons
 a - a +0 shortbow (weapon)
Armour
 i - a +0 pair of boots (worn)
 s - a +2 leather armour of poison resistance (worn)
 B - a +1 hat (worn)
Jewellery
 j - an amulet of the acrobat
 n - a ring of ice (left hand)
 q - an amulet of faith
 v - an amulet of reflection (around neck)
 w - a +5 ring of evasion (right hand)
 A - a ring of see invisible
Wands
 p - a wand of paralysis (10)
 z - a wand of light (10)
Scrolls
 b - 3 scrolls of immolation
 c - a scroll of poison {unknown}
 d - 2 scrolls of magic mapping
 e - 5 scrolls of teleportation
 f - a scroll of amnesia {unknown}
 m - 3 scrolls of noise
 t - a scroll of fear {unknown}
 x - a scroll of vulnerability {unknown}
 y - a scroll of enchant armour {unknown}
Potions
 g - 2 potions of flight {unknown}
 k - a potion of attraction {unknown}
 l - 2 potions of lignification {unknown}
 r - 4 potions of mutation


   Skills:
 - Level 1.6 Fighting
 + Level 15.3 Ranged Weapons
 - Level 2.5 Dodging
 - Level 1.4 Stealth


You had 7 spell levels left.
You didn't know any spells.
Your spell library contained the following spells:

 Spells                   Type           Power      Damage    Failure   Level
 Dazzling Flash           Conj/Hex       0%         N/A       75%         3
 Portal Projectile        Hex/Tloc       0%         N/A       75%         3
 Tukima's Dance           Hex            0%         N/A       75%         3
 Volatile Blastmotes      Fire/Tloc      0%         2d10      75%         3
 Iskenderun's Mystic Bla  Conj/Tloc      0%         2d3       98%         4
 Blade Hands              Tmut           0%         N/A       100%        5
 Starburst                Conj/Fire      0%         6d3       100%        6


Dungeon Overview and Level Annotations

Branches:
Dungeon (8/15)             Temple (0/1) D:7
   Lair: D:8-11

Altars:
Makhleb
Okawaru
Qazlal
Ru
Vehumet

Shops:
D:1 :   D:2 *

Annotations:
D:7 5 runed translucent doors, dragonscale333's ghost, novice DsFE


Message History

You shoot an arrow. The arrow barely misses the orc priest.
You feel sick.
Fire: a) +0 shortbow
Press: ? - help, Q - select action, (/) - cycle Shift-Dir - straight line, f/p - orc priest
Aim: an orc priest, wielding a +0 short sword and wearing a +0 leather armour (heavily wounded, 69% to hit)
You shoot an arrow. The arrow hits the orc priest.
The orc priest is heavily wounded.
You feel sick. Something hits you but does no damage.
The orc priest closely misses you. You block something's attack.
You feel better. Something barely misses you.
The orc priest closely misses you. Something hits you but does no damage.
You are poisoned.
Fire: a) +0 shortbow
Press: ? - help, Q - select action, (/) - cycle Shift-Dir - straight line, f/p - orc priest
Aim: an orc priest, wielding a +0 short sword and wearing a +0 leather armour (heavily wounded, 69% to hit)
You shoot an arrow. The arrow barely misses the orc priest.
You feel very sick. Something hits you but does no damage.
You block the orc priest's attack. Something hits you.
Fire: a) +0 shortbow
Press: ? - help, Q - select action, (/) - cycle Shift-Dir - straight line, f/p - orc priest
Aim: an orc priest, wielding a +0 short sword and wearing a +0 leather armour (heavily wounded, 69% to hit)
You shoot an arrow. The arrow hits the orc priest!
You kill the orc priest!
Qazlal accepts your kill.
You feel sick. You block something's attack. Something hits you.
* * * LOW HITPOINT WARNING * * *
You feel better.
You hear some strange, mumbled words.
A magic dart appears from out of thin air!
The magic dart hits you.
You hear some strange, mumbled words.
Something tries to affect you, but you resist.
Fire: a) +0 shortbow
Press: ? - help, Q - select action, (/) - cycle Shift-Dir - straight line You shoot an arrow.
You hear some strange, mumbled words.
A puff of flame appears from out of thin air!
The puff of flame hits you! The fire burns you terribly!
You die...

......###>....(..#
###...####.#.#.#.###
§§#...>.............
§W+.....##.#.#.####.
§O#..#..........# #.
#######..#.#.#.#####
#######..............
#..{...........#.....
#...@..........#.###.
##..{)............##..
#.....)..........#...#
.........................#..
......##..............##...#
...... ######.........####..
..... #..###.........# .....
..# #........## ##.. ..#
#........#


There were no monsters in sight!

Vanquished Creatures
  Menkaure (D:7)
  An orc warrior (D:7)
  2 water moccasins (D:6)
  An ice beast (D:6)
  A sky beast (D:7)
  A black bear (D:4)
  2 ogres
  2 bullfrogs (D:7)
  2 scorpions
  5 hounds
  3 jellies
  3 orc priests
  3 sleepcaps
  An iguana (D:7)
  An orc wizard (D:5)
  2 adders
  3 gnolls (D:4)
  3 white imps
  An ufetubus (D:6)
  3 worms
  A dart slug (D:2)
  22 orcs
  7 ball pythons
  5 endoplasms
  9 giant cockroaches
  5 goblins
  7 hobgoblins
  3 quokkas
  6 bats
  8 frilled lizards
  8 kobolds
  4 rats
126 creatures vanquished.

Notes
Turn   | Place    | Note
-------+----------+-------------------------------------------
     0 | D:1      | kanganoth the Deep Elf Hunter began the quest for the Orb.
     0 | D:1      | Reached XP level 1. HP: 12/12 MP: 3/3
   158 | D:1      | Reached XP level 2. HP: 16/16 MP: 4/4
   201 | D:1      | Reached skill level 6 in Ranged Weapons
   243 | D:1      | Found Fiunut's Book Shoppe.
   594 | D:2      | Reached XP level 3. HP: 20/20 MP: 5/5
   786 | D:2      | Found Fupt's Assorted Antiques.
   918 | D:2      | Reached skill level 7 in Ranged Weapons
   948 | D:2      | Found a faded altar of an unknown god.
  1183 | D:2      | Reached XP level 4. HP: 25/25 MP: 6/6
  1692 | D:3      | Identified the +0 ring mail of Integrity {rElec Dex+3}
  2157 | D:4      | Found a sacrificial altar of Ru.
  2157 | D:4      | Found a radiant altar of Vehumet.
  2164 | D:4      | Noticed a scorpion
  2172 | D:4      | Killed a scorpion
  2173 | D:4      | Reached skill level 8 in Ranged Weapons
  2173 | D:4      | Reached XP level 5. HP: 12/29 MP: 7/7
  2301 | D:4      | Noticed an ogre
  2310 | D:4      | Killed an ogre
  2311 | D:4      | Reached skill level 9 in Ranged Weapons
  2470 | D:4      | Reached XP level 6. HP: 27/34 MP: 8/8
  2512 | D:4      | Reached skill level 10 in Ranged Weapons
  2763 | D:5      | Entered Level 5 of the Dungeon
  2769 | D:5      | You fall into a shaft and drop 3 floors!
  2792 | D:7      | Found a runed translucent door.
  2792 | D:7      | Noticed dragonscale333's ghost (novice DsFE)
  2792 | D:7      | Noticed a two-headed ogre
  2843 | D:6      | Noticed an ice beast
  2856 | D:6      | Killed an ice beast
  2857 | D:6      | Reached skill level 11 in Ranged Weapons
  2857 | D:6      | Reached XP level 7. HP: 38/38 MP: 9/9
  3326 | D:5      | Reached skill level 12 in Ranged Weapons
  3465 | D:5      | Found a burning altar of Makhleb.
  3813 | D:6      | Found a stormy altar of Qazlal.
  3834 | D:6      | Reached XP level 8. HP: 43/43 MP: 10/10
  3857 | D:6      | Became a worshipper of Qazlal Stormbringer
  3911 | D:6      | Reached skill level 13 in Ranged Weapons
  4051 | D:6      | Found an iron altar of Okawaru.
  4902 | D:7      | Reached skill level 14 in Ranged Weapons
  5055 | D:7      | Found a large runed translucent door.
  5056 | D:7      | Found a large runed translucent door.
  5056 | D:7      | Noticed a skeletal warrior
  5056 | D:7      | Noticed a two-headed ogre
  5126 | D:7      | Found a large runed translucent door.
  5126 | D:7      | Found a large runed translucent door.
  5162 | D:7      | Found a staircase to the Ecumenical Temple.
  5238 | D:7      | Noticed Menkaure
  5258 | D:7      | Killed Menkaure
  5259 | D:7      | Reached skill level 15 in Ranged Weapons
  5268 | D:7      | Killed from afar by an orc wizard

Illustrated notes

Levels and vault maps discovered:
D:1:      dpeg_arrival_long_road, layout_rooms, serial_shops,
          nicolae_book_shop_shelving
D:2:      layout_basic, serial_shops, shop,
          hellmonk_ecumenical_altar_defaced_shrine, serial_corexii_hall,
          corexii_hall_statues_i, chequers_hall_statues_corner_a,
          chequers_hall_statues_corner_a, corexii_hall_statues_i,
          minmay_worlds_worst_comb
D:3:      layout_basic
D:4:      layout_cave_pools, mainiacjoe_overflow_large_starburst
D:5:      layout_loops_ring, lemuel_tele_altar
D:6:      layout_basic, amcnicky_altar_gilded, nicolae_overflow_crystal_walls,
          minmay_curled_crystal
D:7:      layout_rooms, minmay_temple_entry_slanted, ebering_ghost_inner_flame,
          st_stairs_8, minmay_hollow_rounded_squares, uniq_crazy_yiuf_cottage,
          uniq_menkaure
D:8:      black_bear_nest_1, layout_basic,
          nzn_overflow_gifts_of_might_and_magic, kennysheep_little_box,
          nicolae_overflow_hidden_temple

Skill      XL: |  1  2  3  4  5  6  7  8 |
---------------+-------------------------+-----
Ranged Weapons | 6 7 8 9 11 12 15 | 15.3
Fighting       | |  1.6
Dodging        | |  2.5
Stealth        | |  1.4

Action                     |  1- 3 |  4- 6 |  7- 9 || total
---------------------------+-------+-------+-------++-------
   Fire: Shortbow          |   107 |   115 |   215 ||   437
    Use: Scroll            |       |     4 |     3 ||     7
         Potion            |       |       |     8 ||     8
 Armour: Leather armour    |     2 |     7 |    16 ||    25
  Dodge: Dodged            |    10 |    40 |    60 ||   110
  Block: Other             |       |     9 |    22 ||    31
